 Dungeon Crawl Stone Soup version 0.14-a0-3134-g2c86dbf (webtiles) character file.

13135 Badjas the Nimble (level 11, -4/92 HPs)
             Began as a Minotaur Monk on Mar 7, 2014.
             Was a Follower of the Shining One.
             Slain by an orc warrior
             ... wielding a +0,+0 halberd
              (8 damage)
             ... on Level 2 of the Orcish Mines on Mar 8, 2014.
             The game lasted 03:14:30 (16386 turns).

Badjas the Nimble (Minotaur Monk)                  Turns: 16386, Time: 03:14:31

HP  -4/92        AC 18     Str 18      XL: 11   Next: 57%
MP  18/18        EV  5     Int 12      God: the Shining One [*.....]
Gold 1115        SH  8     Dex 13      Spells:  0 memorised, 10 levels left

rFire  . . .     SeeInvis .       - Unarmed
rCold  + + .     Clarity  .     F - +0 plate armour {rC+}
rNeg   . . .     Conserve .     i - -4 buckler "Schoruug" {Str+2 Int+4 Acc+3}
rPois  .         rCorr    .     x - +1 hat
rElec  .         rRot     .     (no cloak)
SustAb . .       Spirit   .     (no gloves)
rMut   .         Warding  .     (no boots)
Saprov . . .     Stasis   .     (no amulet)
MR     .....                    M - +4 ring of protection
                                Q - ring of protection from cold

@: glowing, not resistant to hostile enchantments, extremely unstealthy
A: retaliatory headbutt, horns 2, carnivore 1, clumsy 1, deterioration 1
a: Renounce Religion


You were on level 2 of the Orcish Mines.
You worshipped the Shining One.
The Shining One was aware of your devotion.
You were not hungry.

You visited 3 branches of the dungeon, and saw 13 of its levels.

You collected 1115 gold pieces.

Inventory:

Hand weapons
 a - a +2,+5 sling of frost
 c - a +1,+1 sling
 e - a +2,+2 whip of freezing
 m - a +4,+4 scimitar of flaming
 u - a +2,+2 mace of protection
 H - a +1,+2 bow
Missiles
 g - 57 darts
 v - 82 stones (quivered)
 y - 14 darts of frost
 N - 19 sling bullets
 T - 151 arrows
Armour
 h - a +1 shield
 i - the -4 buckler "Schoruug" (worn) {Str+2 Int+4 Acc+3}
   (You acquired it on level 9 of the Dungeon)

   It affects your strength (+2).
   It affects your intelligence (+4).
   It affects your accuracy with ranged weapons and melee attacks (+3).
 x - a +1 hat (worn)
 A - a +1 scale mail of fire resistance
 F - a +0 plate armour of cold resistance (worn)
 G - a +2 robe of positive energy
Magical devices
 D - a wand of paralysis (13) {unknown}
 E - a wand of confusion (23)
Comestibles
 b - 4 bread rations
 f - an apple
 k - a meat ration
 L - 18 cheeses
Scrolls
 d - 6 scrolls of identify
 l - 7 scrolls of remove curse
 n - a scroll of recharging
 o - a scroll of fog
 q - a scroll of teleportation
 t - 2 scrolls of blinking
 z - a scroll of fear
 B - 2 scrolls of enchant weapon II
 U - a scroll of amnesia
Jewellery
 p - an uncursed ring of positive energy
 w - an uncursed ring of fire
 M - a +4 ring of protection (right hand)
 Q - a ring of protection from cold (left hand)
Potions
 s - a potion of brilliance
Books
 C - a book of Callings

   Spells                             Type                      Level
   Summon Small Mammal                Summoning                    1
   Call Imp                           Summoning                    2
   Call Canine Familiar               Summoning                    3
   Summon Guardian Golem              Hexes/Summoning              4
   Summon Lightning Spire             Summoning/Air                4
   Summon Ice Beast                   Ice/Summoning                4


   Skills:
 + Level 7.0 Fighting
 + Level 6.1 Slings
 + Level 0.2 Bows
 + Level 8.4 Armour
 + Level 9.9 Dodging
 + Level 2.6 Stealth
 + Level 7.4 Shields
 + Level 9.3 Unarmed Combat
 * Level 8.0 Invocations
 + Level 0.4 Evocations


You had 10 spell levels left.
You didn't know any spells.

Dungeon Overview and Level Annotations

Branches:
Dungeon (10/16)            Temple (1/1) D:7             Orc (2/4) D:10
   Lair (0/8) D:10

Altars:
Ashenzari
Cheibriados
Dithmenos
Elyvilon
Fedhas
Kikubaaqudgha
Makhleb
Nemelex Xobeh
Okawaru
Sif Muna
Trog
Vehumet
Xom
Yredelemnul
Zin
The Shining One

Shops:
Orc:1 }

Annotations:
D:3 Grinder
D:10 exclusion: oklob plant


Innate Abilities, Weirdness & Mutations

You reflexively headbutt those who attack you in melee.
You have a pair of horns on your head.
Your digestive system is specialised to digest meat.
You are clumsy. (Dex -2)
Your body is slowly deteriorating.


Message History

* * * LOW HITPOINT WARNING * * *
Your plate armour prevents you from hitting the orc warrior.
Your headbutt misses the orc warrior.
The orc warrior is lightly wounded.
The orc warrior hits you with a halberd.
* * * LOW HITPOINT WARNING * * *
You punch the orc warrior! You headbutt the orc warrior!
The orc warrior is almost dead.
You completely miss the orc warrior. You headbutt the orc warrior.
The orc warrior is almost dead.
The orc warrior hits you with a halberd.
* * * LOW HITPOINT WARNING * * *
You hit the orc warrior but do no damage.
The orc warrior is almost dead.
You barely miss the orc warrior.
The orc warrior is almost dead.
The orc warrior hits you with a halberd!
* * * LOW HITPOINT WARNING * * *
The orc warrior hits you with a halberd!
You die...

#......#.........##...
##....#...........##..
##..#....#....#.##...
##....#........##.##..
#.............##...###
##..............##..###
#.........).....#....##
##.#..)o............###
###..@#..)<.......####
#....#..........###.#
##......>.......##...
####..........#...#...
##.##.............#....
#......................
##.##..................
####..................
###[[)........#.##..


You could see an orc warrior.

Vanquished Creatures
  Harold (D:10)
  Erica (Orc:2)
  Erolcha (D:8)
  The ghost of Froboctopus the Transmogrifier, an experienced FeTm (D:7)
  Maurice (Orc:2)
  2 trolls (Orc:1)
  2 hungry ghosts
  4 yaks (D:10)
  A hippogriff (D:9)
  A necrophage (D:9)
  A yellow wasp (D:8)
  A sky beast (D:8)
  3 ice beasts
  A black bear (D:6)
  3 phantoms
  9 ogres
  11 orc warriors
  14 big kobolds (D:9)
  9 centaurs
  A giant frog (D:10)
  7 scorpions
  16 killer bees
  A troll zombie (D:10)
  2 goliath beetles
  2 yak skeletons
  5 crimson imps
  16 orc priests
  2 hounds
  4 jellies
  A quasit (D:8)
  An orange rat (D:8)
  15 orc wizards
  8 worker ants
  5 iguanas
  An ogre skeleton (D:8)
  9 adders
  A scorpion zombie (D:9)
  An orc skeleton (D:8)
  8 gnolls
  4 green rats (D:8)
  2 giant mites
  4 worms
  An inept feature mimic (D:5)
  An orc zombie (D:6)
  An adder skeleton (D:5)
  3 giant eyeballs
  4 giant geckos
  An ooze (D:2)
  104 orcs
  17 goblins
  18 hobgoblins
  17 jackals
  A quokka (D:5)
  2 ball pythons
  10 bats
  4 giant cockroaches
  A giant cockroach zombie (D:5)
  3 giant newts
  A hobgoblin skeleton (D:4)
  20 kobolds
  25 rats
417 creatures vanquished.

Vanquished Creatures (others)
  An orc (D:8)
  A giant newt skeleton (D:4)
  3 kobolds
5 creatures vanquished.

Grand Total: 422 creatures vanquished

Notes
Turn   | Place    | Note
--------------------------------------------------------------
     0 | D:1      | Badjas, the Minotaur Monk, began the quest for the Orb.
     0 | D:1      | Reached XP level 1. HP: 19/19 MP: 1/1
   228 | D:1      | Reached XP level 2. HP: 24/27 MP: 1/1
  1121 | D:2      | Reached XP level 3. HP: 33/33 MP: 2/2
  1348 | D:3      | Reached skill level 5 in Unarmed Combat
  1538 | D:3      | Reached skill level 1 in Slings
  1689 | D:3      | Reached XP level 4. HP: 36/40 MP: 2/2
  1754 | D:3      | Found a bloodstained altar of Trog.
  1798 | D:3      | Reached skill level 1 in Armour
  1848 | D:3      | Noticed Grinder
  1849 | D:3      | Paralysed by Grinder for 3 turns
  2031 | D:4      | Reached skill level 1 in Shields
  2031 | D:4      | Reached XP level 5. HP: 17/46 MP: 2/2
  2204 | D:4      | Noticed a phantom
  2346 | D:4      | Found a white marble altar of Elyvilon.
  2474 | D:4      | Became a worshipper of Elyvilon the Healer
  2474 | D:4      | Acquired Elyvilon's first power
  2474 | D:4      | Acquired Elyvilon's second power
  3398 | D:5      | Entered Level 5 of the Dungeon
  3398 | D:5      | Noticed an ogre
  3510 | D:5      | Reached XP level 6. HP: 52/52 MP: 3/3
  3535 | D:5      | Noticed a centaur
  3544 | D:5      | Killed a centaur
  3553 | D:5      | Reached skill level 1 in Invocations
  4078 | D:5      | Killed an ogre
  4078 | D:5      | Reached XP level 7. HP: 60/60 MP: 5/5
  4135 | D:5      | Noticed an ogre
  4139 | D:5      | Killed an ogre
  4380 | D:5      | Reached skill level 5 in Dodging
  4649 | D:6      | Reached skill level 6 in Unarmed Combat
  4659 | D:6      | Reached XP level 8. HP: 29/67 MP: 5/6
  5339 | D:6      | Reached skill level 5 in Fighting
  5788 | D:7      | Upgraded the game from 0.14-a0-3109-ga7442b6 to 0.14-a0-3134-g2c86dbf
  5810 | D:7      | Noticed Froboctopus' ghost (experienced FeTm)
  5851 | D:7      | Killed Froboctopus' ghost
  5851 | D:7      | Reached skill level 5 in Armour
  6137 | D:7      | Reached XP level 9. HP: 45/74 MP: 8/10
  6341 | D:7      | Found a glowing golden altar of the Shining One.
  6450 | D:7      | Reached skill level 7 in Dodging
  6713 | D:7      | Reached skill level 5 in Shields
  7132 | D:7      | Found an iron altar of Okawaru.
  7133 | D:7      | Found a bloodstained altar of Trog.
  7350 | D:7      | Reached skill level 5 in Invocations
  7553 | D:7      | Found a staircase to the Ecumenical Temple.
  7559 | Temple   | Entered the Ecumenical Temple
  8234 | D:8      | Reached skill level 5 in Slings
  8328 | D:8      | Reached skill level 8 in Dodging
  9008 | D:8      | Reached XP level 10. HP: 67/81 MP: 7/13
  9077 | D:8      | Noticed Erolcha
  9101 | D:8      | Killed Erolcha
  9371 | D:8      | Gained mutation: Your digestive system is specialised to digest meat. [potion of mutation]
  9371 | D:8      | Gained mutation: Your body is slowly deteriorating. [potion of mutation]
  9371 | D:8      | Gained mutation: You are clumsy. (Dex -2) [potion of mutation]
  9477 | D:8      | Paralysed by a potion of paralysis for 3 turns
  9948 | D:9      | Found a basalt altar of Yredelemnul.
 10331 | D:9      | Identified a scroll of acquirement
 10332 | D:9      | Got a bloodstained buckler
 10341 | D:9      | Identified the -4 buckler "Schoruug" {Str+2 Int+4 Acc+3} (You acquired it on level 9 of the Dungeon)
 10381 | D:9      | Found a sparkling altar of Nemelex Xobeh.
 11172 | D:9      | Reached skill level 9 in Dodging
 11370 | D:10     | Entered Level 10 of the Dungeon
 11664 | D:10     | Found a staircase to the Orcish Mines.
 11665 | D:10     | Noticed Harold
 11882 | D:10     | Killed Harold
 11882 | D:10     | Reached XP level 11. HP: 57/89 MP: 15/18
 12258 | D:10     | Paralysed by a giant eyeball for 3 turns
 12530 | D:10     | Found a staircase to the Lair.
 12562 | D:10     | Noticed an oklob plant
 12720 | D:10     | Noticed a hill giant
 12868 | Temple   | Fell from the grace of Elyvilon
 12868 | Temple   | Became a worshipper of the Shining One
 13017 | Orc:1    | Entered Level 1 of the Orcish Mines
 13075 | Orc:1    | Acquired the Shining One's first power
 13865 | Orc:1    | Found a burning altar of Makhleb.
 13866 | Orc:1    | Found Siopt's Gadget Shoppe.
 14471 | Orc:2    | Noticed Erica
 14493 | Orc:2    | Killed Erica
 14893 | Orc:2    | Noticed Maurice
 14912 | Orc:2    | Paralysed by something for 2 turns
 14925 | Orc:2    | Killed Maurice
 16386 | Orc:2    | HP: 4/92 [orc warrior/halberd (17)]
 16386 | Orc:2    | Slain by an orc warrior

Action                   |  1- 3 |  4- 6 |  7- 9 | 10-12 || total
-------------------------+-------+-------+-------+-------++-------
Melee: Unarmed           |    91 |   168 |   450 |   824 ||  1533
 Fire: Sling             |    19 |    28 |    74 |    92 ||   213
       Bow               |       |       |       |     2 ||     2
Invok: Lesser Healing    |       |     1 |    10 |    26 ||    37
       Lesser Self-Heali |       |       |     1 |       ||     1
       Purification      |       |       |     1 |       ||     1
Evoke: Wand              |       |     1 |     8 |     3 ||    12
  Use: Scroll            |       |     6 |     3 |    15 ||    24
       Potion            |       |     2 |     7 |    14 ||    23
